[Event "Titled Tuesday Blitz June 28 Early 2022"]
[White "Ciuffoletti, Paolo"]
[Black "Rom, Jasper"]
[WhiteFideId "807630"]
[BlackFideId "2023733"]
[WhiteElo "2143"]
[BlackElo "2233"]
[Result "0-1"]
[Round "08"]
[TimeControl "180+1"]
[Date "2022.06.28"]
[WhiteClock "0:00:06"]
[BlackClock "0:00:08"]

1. e4 e6 2. d4 d5 3. e5 c5 4. c3 Nc6 5. Nf3 Bd7 6. Be2 Nge7 7. a3 a5 8. b3 cxd4 9. cxd4 Nf5 10. Nc3 Rc8 11. Nb5 Qb6 12. O-O Nxe5 13. Nxe5 Bxb5 14. Be3 Bxe2 15. Qxe2 Bd6 16. Qd3 Bxe5 17. dxe5 d4 18. Bd2 O-O 19. g4 Ne7 20. f4 Qc5 21. Rac1 Qd5 22. Rc4 Rfd8 23. Rfc1 Rxc4 24. Rxc4 Nc6 25. Be1 f6 26. exf6 gxf6 27. Bf2 e5 28. fxe5 fxe5 29. Qf5 e4 30. Qxd5+ Rxd5 31. Bg3 d3 32. Rc1 e3 33. Kf1 e2+ 34. Kf2 d2 0-1


[Site "https://www.chess.com"]

[Event "Titled Tuesday Blitz June 28 Early 2022"]
[White "Coelho, Ramyres Santana"]
[Black "Mangialardo, Tiago Carvalho"]
[WhiteFideId "2120690"]
[BlackFideId "2130718"]
[WhiteElo "1888"]
[BlackElo "2072"]
[Result "1-0"]
[Round "08"]
[TimeControl "180+1"]
[Date "2022.06.28"]
[WhiteClock "0:00:50"]
[BlackClock "0:00:01"]

1. e4 e5 2. Nf3 Nc6 3. d4 exd4 4. Bc4 Nf6 5. e5 d5 6. Bb5 Ne4 7. Nxd4 Bd7 8. Bxc6 bxc6 9. O-O Bc5 10. f3 Ng5 11. f4 Ne6 12. Be3 O-O 13. f5 Nxd4 14. Bxd4 Bxd4+ 15. Qxd4 Qg5 16. f6 g6 17. Nd2 Qg4 18. Rf4 Qe6 19. Nf3 Rfb8 20. Ng5 Qe8 21. Re1 a5 22. e6 Kh8 23. Nxf7+ Kg8 24. Nh6+ Kf8 25. e7+ 1-0


[Site "https://www.chess.com"]

[Event "Titled Tuesday Blitz June 28 Early 2022"]
[White "Coto Mederos, Michel"]
[Black "Aradhya, Garg"]
[WhiteFideId "3508528"]
[BlackFideId "25006746"]
[WhiteElo "2427"]
[BlackElo "2203"]
[Result "0-1"]
[Round "08"]
[TimeControl "180+1"]
[Date "2022.06.28"]
[WhiteClock "0:00:04"]
[BlackClock "0:01:42"]

1. d4 d5 2. Nf3 Nf6 3. Bf4 c5 4. e3 Nc6 5. Nbd2 Nh5 6. Bg5 h6 7. Bh4 g5 8. Ne5 Ng7 9. Nxc6 bxc6 10. Bg3 Nf5 11. c3 h5 12. h3 Nxg3 13. fxg3 g4 14. Qa4 Qd6 15. O-O-O cxd4 16. exd4 Bd7 17. Ba6 Bh6 18. hxg4 Bxg4 19. Bb7 Rb8 20. Qxc6+ Qxc6 21. Bxc6+ Kf8 22. Bxd5 Bxd1 23. Rxd1 Rg8 24. Rf1 Rg7 25. b3 Kg8 26. Rf3 Rb5 27. c4 Rb6 28. c5 Rb8 29. Kc2 e6 30. Bc4 Rg4 31. Kd3 Bg7 32. Ne4 Rd8 33. c6 Rxd4+ 34. Kc2 Rgxe4 0-1


[Site "https://www.chess.com"]

[Event "Titled Tuesday Blitz June 28 Early 2022"]
[White "Csonka, Balazs"]
[Black "Fecker, Noah"]
[WhiteFideId "742910"]
[BlackFideId "1334263"]
[WhiteElo "2404"]
[BlackElo "2312"]
[Result "1-0"]
[Round "08"]
[TimeControl "180+1"]
[Date "2022.06.28"]
[WhiteClock "0:00:33"]
[BlackClock "0:01:14"]

1. Nf3 Nf6 2. c4 g6 3. Nc3 Bg7 4. d4 d5 5. cxd5 Nxd5 6. e4 Nxc3 7. bxc3 c5 8. Rb1 O-O 9. Be2 b6 10. O-O Bb7 11. Qd3 e6 12. Bg5 Qc7 13. Rfd1 Nd7 14. Qe3 Rfe8 15. Bf4 Qc6 16. Bb5 Qc8 17. dxc5 Bc6 18. Bxc6 Qxc6 19. Rd6 Qc8 20. c6 Nc5 21. Rbd1 Bf8 22. Ne5 Bxd6 23. Rxd6 Rd8 24. Ng4 Rxd6 25. Bxd6 Qxc6 26. Nf6+ Kg7 27. Nh5+ Kg8 28. Qh6 gxh5 29. Qg5+ Kh8 30. Be5+ f6 31. Bxf6# 1-0


[Site "https://www.chess.com"]

[Event "Titled Tuesday Blitz June 28 Early 2022"]
[White "Daeschler, Florian"]
[Black "Dankhazi, Andras"]
[WhiteFideId "20678193"]
[BlackFideId "714267"]
[WhiteElo "2221"]
[BlackElo "2325"]
[Result "0-1"]
[Round "08"]
[TimeControl "180+1"]
[Date "2022.06.28"]
[WhiteClock "0:00:02"]
[BlackClock "0:00:17"]

1. e4 d5 2. exd5 Qxd5 3. Nc3 Qe5+ 4. Be2 c6 5. Nf3 Qc7 6. d4 Nf6 7. O-O Bg4 8. Ne5 Bxe2 9. Qxe2 e6 10. Bf4 Bd6 11. h3 O-O 12. Rfe1 Nd5 13. Nxd5 cxd5 14. c3 Nc6 15. Nxc6 bxc6 16. Bxd6 Qxd6 17. Qg4 c5 18. dxc5 Qxc5 19. h4 Rab8 20. Re2 a5 21. h5 h6 22. Rd1 Rb6 23. Rd3 Qc4 24. Rd4 Qxa2 25. Qg3 Rxb2 26. Rxb2 Qxb2 27. Rg4 Qb1+ 28. Kh2 Qh7 29. Qc7 Qf5 30. f3 Qxh5+ 31. Kg1 Qf5 32. Qxa5 Qe5 33. c4 Qe3+ 34. Kh2 dxc4 35. Rxc4 Qd3 36. Rg4 Qd6+ 37. Kh3 e5 38. Qa1 Qe6 39. Kh2 f6 40. Qa7 Qf7 41. Qe3 Kh8 42. Qd3 Re8 43. Ra4 f5 44. Qe3 Qc7 45. Ra7 Qd6 46. Kh1 e4 47. f4 Qd1+ 48. Kh2 Qh5+ 49. Kg1 Qd1+ 50. Kh2 Qd3 51. Qb6 Rg8 52. Qg6 e3 53. Re7 e2 54. Qe6 Qd2 55. Qxe2 Qxf4+ 56. Kg1 Qd4+ 57. Kh2 Qh4+ 58. Kg1 Qd4+ 59. Kh2 Rd8 60. Re8+ Rxe8 61. Qxe8+ Kh7 62. Qf7 Qf4+ 63. Kg1 Qe3+ 64. Kh2 Qe5+ 65. Kg1 Qe1+ 66. Kh2 Qe5+ 67. Kg1 Qc5+ 68. Kh2 Qd6+ 69. Kg1 Qb6+ 70. Kh2 Qd6+ 71. Kg1 Qg6 72. Qf8 Qb6+ 73. Kh2 Qe6 74. g3 Qe2+ 75. Kh3 Qh5+ 76. Kg2 Qe2+ 77. Kh3 Qg4+ 78. Kh2 Qg5 79. Qf7 h5 80. Kg2 h4 0-1


[Site "https://www.chess.com"]

[Event "Titled Tuesday Blitz June 28 Early 2022"]
[White "De La Colina, Nicolas"]
[Black "Agasarov, Benik"]
[WhiteFideId "30946921"]
[BlackFideId "13314823"]
[WhiteElo "2046"]
[BlackElo "2690"]
[Result "0-1"]
[Round "08"]
[TimeControl "180+1"]
[Date "2022.06.28"]
[WhiteClock "0:01:24"]
[BlackClock "0:02:13"]

1. e4 c5 2. c3 Nf6 3. e5 Nd5 4. Bc4 Nb6 5. Bb3 c4 6. Bc2 Nc6 7. Nf3 d6 8. exd6 Qxd6 9. O-O Bg4 10. Qe2 e6 11. Na3 Qc5 12. b3 cxb3 13. axb3 Be7 14. Nb5 Bxf3 15. gxf3 O-O 16. d4 Qh5 17. Kh1 a6 18. Na3 Bd6 0-1


[Site "https://www.chess.com"]

[Event "Titled Tuesday Blitz June 28 Early 2022"]
[White "Deac, Bogdan-Daniel"]
[Black "Cherniaiev, Tykhon"]
[WhiteFideId "1226380"]
[BlackFideId "14182360"]
[WhiteElo "2935"]
[BlackElo "2776"]
[Result "0-1"]
[Round "08"]
[TimeControl "180+1"]
[Date "2022.06.28"]
[WhiteClock "0:00:04"]
[BlackClock "0:00:09"]

1. d4 Nf6 2. Nf3 e6 3. c4 d5 4. g3 Be7 5. Bg2 O-O 6. O-O dxc4 7. Qc2 a6 8. a4 Bd7 9. Qxc4 b5 10. Qc2 Bc6 11. Bg5 Be4 12. Qc1 Nbd7 13. Rd1 h6 14. Bf4 Rc8 15. Nc3 Bc6 16. axb5 axb5 17. Ne5 Bxg2 18. Kxg2 c6 19. Ra7 b4 20. Na4 Nb8 21. Nc5 Bxc5 22. dxc5 Nd5 23. Kf1 Qf6 24. e4 Nxf4 25. Qxf4 Rfd8 26. Rxd8+ Rxd8 27. Qxf6 gxf6 28. Nxf7 Rd7 29. Nxh6+ Kg7 30. Ra8 Rb7 31. Ng4 Nd7 32. Ra5 b3 33. Ne3 Rb4 34. f3 Ne5 35. Ke2 Rd4 36. Ra7+ Kg8 37. Rb7 Nd3 38. h4 Nc1+ 39. Ke1 Nd3+ 40. Kf1 Nxc5 41. Rb8+ Kg7 42. h5 Rd2 43. Ng4 Rxb2 44. h6+ Kh7 45. Rc8 Rb1+ 46. Kg2 b2 47. Rc7+ Kh8 48. Nxf6 Rg1+ 49. Kh2 Rh1+ 50. Kxh1 b1=Q+ 51. Kg2 Qb2+ 52. Kh3 Qxf6 53. Rc8+ Kh7 54. Rc7+ Kxh6 0-1


[Site "https://www.chess.com"]

[Event "Titled Tuesday Blitz June 28 Early 2022"]
[White "Dobre, Claudiu-Cristian"]
[Black "Polster, Christian"]
[WhiteFideId "1211854"]
[BlackFideId "12965081"]
[WhiteElo "2207"]
[BlackElo "2315"]
[Result "1/2-1/2"]
[Round "08"]
[TimeControl "180+1"]
[Date "2022.06.28"]
[WhiteClock "0:00:34"]
[BlackClock "0:00:04"]

1. Nf3 d5 2. b3 c5 3. e3 Nc6 4. Bb2 Nf6 5. c4 d4 6. exd4 cxd4 7. a3 a5 8. d3 e5 9. Be2 Bd6 10. O-O O-O 11. Nbd2 Nd7 12. Ne4 Be7 13. g4 Nc5 14. Nxc5 Bxc5 15. Nd2 Qh4 16. Ne4 Bb6 17. Bc1 h6 18. f4 exf4 19. Bxf4 f5 20. Bg3 Qd8 21. Nd6 f4 22. Nxc8 fxg3 23. Nxb6 Qh4 24. hxg3 Qxg3+ 25. Kh1 Qh3+ 26. Kg1 Qg3+ 27. Kh1 Qh3+ 28. Kg1 Qg3+ 1/2-1/2


[Site "https://www.chess.com"]

[Event "Titled Tuesday Blitz June 28 Early 2022"]
[White "Donatti, Alvaro"]
[Black "Golubovskis, Maksims"]
[WhiteFideId "3000303"]
[BlackFideId "11608528"]
[WhiteElo "2138"]
[BlackElo "2102"]
[Result "0-1"]
[Round "08"]
[TimeControl "180+1"]
[Date "2022.06.28"]
[WhiteClock "0:00:01"]
[BlackClock "0:00:34"]

1. e4 c5 2. Nf3 d6 3. d4 cxd4 4. Nxd4 Nf6 5. Nc3 a6 6. Be3 e5 7. Nb3 Ng4 8. Be2 Nxe3 9. fxe3 Qg5 10. Qd2 Be6 11. O-O-O Qxg2 12. Bb5+ axb5 13. Qxg2 b4 14. Nd5 Na6 15. Na5 Bxd5 16. exd5 Nc5 17. Nb3 b6 18. Nxc5 bxc5 19. Qe2 Be7 20. Qb5+ Kf8 21. Qb7 Rd8 22. a3 Bg5 23. axb4 Bxe3+ 24. Kb1 cxb4 25. Qc7 Bg5 26. Rhf1 Be7 27. Qb6 g6 28. Qc7 Ke8 29. Rf3 f5 30. c4 Rd7 31. Qc8+ Rd8 32. Qc6+ Kf7 33. c5 dxc5 34. d6 Bf6 35. Qc7+ Ke6 36. d7 f4 37. Rd6+ Kf5 38. Qc6 Rhf8 39. Rf1 g5 40. Qd5 g4 41. Qe6+ Kg5 42. h4+ Kg6 43. h5+ Kg5 44. h6 f3 0-1


[Site "https://www.chess.com"]

[Event "Titled Tuesday Blitz June 28 Early 2022"]
[White "Fedoseev, Vladimir"]
[Black "Kollars, Dmitrij"]
[WhiteFideId "24130737"]
[BlackFideId "12909572"]
[WhiteElo "3055"]
[BlackElo "3009"]
[Result "1-0"]
[Round "08"]
[TimeControl "180+1"]
[Date "2022.06.28"]
[WhiteClock "0:00:21"]
[BlackClock "0:00:17"]

1. e4 e5 2. Nf3 Nc6 3. Bc4 Nf6 4. d3 Be7 5. O-O O-O 6. Nc3 d6 7. a3 Be6 8. Ng5 Bxc4 9. dxc4 Nd4 10. Be3 Nd7 11. Nf3 Nxf3+ 12. Qxf3 Bg5 13. Rad1 Bxe3 14. Qxe3 Nc5 15. Rd2 Ne6 16. Rfd1 Qh4 17. Qg3 Qxg3 18. hxg3 g6 19. Nd5 Kg7 20. g4 f5 21. gxf5 gxf5 22. exf5 Rxf5 23. c5 dxc5 24. Nxc7 Nxc7 25. Rd7+ Rf7 26. Rxf7+ Kxf7 27. Rd7+ Kg6 28. Rxc7 b6 29. Kf1 h5 30. g3 Kf5 31. Ke2 Rh8 32. Rf7+ Ke4 33. Rxa7 Kd5 34. Ra4 c4 35. b3 cxb3 36. cxb3 Rc8 37. Rb4 Rc2+ 38. Kf3 Kc5 39. Rc4+ Rxc4 40. bxc4 Kd4 41. a4 Kxc4 42. Ke4 Kb4 43. Kxe5 Kxa4 44. f4 b5 45. f5 b4 46. f6 b3 47. f7 b2 48. f8=Q b1=Q 49. Qa8+ Kb3 50. Qb7+ Ka2 51. Qxb1+ Kxb1 52. Kf5 Kc2 53. Kg5 Kd3 54. Kxh5 Ke4 55. g4 Ke5 56. g5 Ke6 57. Kg6 Ke7 58. Kh7 Kf8 59. g6 1-0


[Site "https://www.chess.com"]

[Event "Titled Tuesday Blitz June 28 Early 2022"]
[White "Fernandez Siles, Luis"]
[Black "Elgersma, Onno"]
[WhiteFideId "2209420"]
[BlackFideId "1053531"]
[WhiteElo "2211"]
[BlackElo "2304"]
[Result "0-1"]
[Round "08"]
[TimeControl "180+1"]
[Date "2022.06.28"]
[WhiteClock "0:00:10"]
[BlackClock "0:00:14"]

1. d4 Nf6 2. c4 e6 3. Nc3 d5 4. cxd5 exd5 5. Bg5 c6 6. e3 Bd6 7. Bd3 O-O 8. Nf3 h6 9. Bh4 Be6 10. O-O Nbd7 11. e4 dxe4 12. Nxe4 Be7 13. Qe2 Nd5 14. Bg3 N7f6 15. Rad1 Nxe4 16. Qxe4 Nf6 17. Qe2 Bg4 18. Be5 Re8 19. h3 Bxf3 20. Qxf3 Qd5 21. Qg3 Rad8 22. Rfe1 Kf8 23. b3 b5 24. Re3 Bd6 25. Rde1 Bxe5 26. dxe5 Nd7 27. f4 Nc5 28. Bc2 Qd2 29. R3e2 Qd4+ 30. Kh2 h5 31. Qg5 Ne6 32. Qxh5 Qxf4+ 33. g3 Qh6 34. Qg4 Rd4 35. Qf5 Rd2 36. Qf2 Red8 37. Rf1 Rxe2 38. Qxe2 Rd2 0-1


[Site "https://www.chess.com"]

[Event "Titled Tuesday Blitz June 28 Early 2022"]
[White "Flynn, Jacob"]
[Black "Sadykov, Ramil"]
[WhiteFideId "2509393"]
[BlackFideId "24113590"]
[WhiteElo "1896"]
[BlackElo "2226"]
[Result "0-1"]
[Round "08"]
[TimeControl "180+1"]
[Date "2022.06.28"]
[WhiteClock "0:00:01"]
[BlackClock "0:00:04"]

1. d4 Nf6 2. c4 g6 3. g3 Bg7 4. Bg2 d5 5. cxd5 Nxd5 6. e4 Nb6 7. d5 O-O 8. Ne2 c6 9. Nbc3 cxd5 10. exd5 Na6 11. O-O Bg4 12. h3 Bf5 13. Nd4 Bd7 14. Re1 Nc4 15. Qe2 Rc8 16. Nb3 Re8 17. h4 h5 18. Ne4 Bg4 19. Qd3 Nb4 20. Qf1 Nc2 21. Bg5 Nxa1 22. Nxa1 Nxb2 23. d6 Be6 24. Nb3 Bc4 25. Re2 Bxe2 26. Qxe2 Nc4 27. dxe7 Qb6 28. Bh3 f5 29. Nec5 Ne5 30. Nd3 Nxd3 31. Qxd3 Bf6 32. Qd5+ Kg7 33. Bg2 Rxe7 34. Bxf6+ Qxf6 35. Nd4 Rc1+ 36. Kh2 Rce1 37. Nf3 R1e4 38. Ng5 R4e5 39. Qc4 f4 40. gxf4 Rf5 41. Qc8 Rxf4 42. Bd5 Rxh4+ 43. Nh3 Qd6+ 44. f4 Qxd5 45. Qd8 Re2+ 46. Kg1 Qg2# 0-1


[Site "https://www.chess.com"]

[Event "Titled Tuesday Blitz June 28 Early 2022"]
[White "Gallegos Diaz, Carlos Alberto"]
[Black "Hartikainen, Jarmo"]
[WhiteFideId "3900886"]
[BlackFideId "503134"]
[WhiteElo "2362"]
[BlackElo "2152"]
[Result "1-0"]
[Round "08"]
[TimeControl "180+1"]
[Date "2022.06.28"]
[WhiteClock "0:00:16"]
[BlackClock "0:00:02"]

1. e4 c5 2. Nf3 Nc6 3. Bb5 g6 4. O-O Bg7 5. Re1 Nf6 6. Bxc6 bxc6 7. e5 Nd5 8. c4 Nc7 9. Nc3 O-O 10. d3 d5 11. b3 Ne6 12. Ba3 Qa5 13. Na4 Bb7 14. Qd2 Qxd2 15. Nxd2 Rfd8 16. Nxc5 Nxc5 17. Bxc5 dxc4 18. Nxc4 Rxd3 19. Bxe7 Re8 20. Bc5 Ba6 21. Bxa7 Bxc4 22. bxc4 Rxe5 23. Rxe5 Bxe5 24. Re1 Bd4 25. Bxd4 Rxd4 26. Rc1 Rd2 27. Ra1 Rc2 28. a4 Rxc4 29. a5 Rb4 30. a6 Rb8 31. Kf1 Kf8 32. Ke2 Ke7 33. Kd3 Kd6 34. Kc4 Ra8 35. a7 f6 36. Ra6 Kc7 37. Kc5 Kb7 38. Rxc6 Rxa7 39. Rxf6 Ra5+ 40. Kd4 Ra2 41. h4 Kc7 42. Ke3 Ra3+ 43. Kf4 Ra4+ 44. Kg3 Ra3+ 45. f3 Kd8 46. Rf7 h6 47. Rh7 h5 48. Rg7 Ra5 49. Rxg6 Ke7 50. Rg5 Rxg5+ 51. hxg5 Kf7 52. Kh4 Kg6 53. f4 Kf5 54. Kxh5 Kxf4 55. g6 Kg3 56. g7 Kxg2 57. g8=Q+ Kh3 58. Kg5 Kg3 59. Qb3+ Kf2 60. Kf4 Ke1 61. Qb2 Kd1 62. Ke3 Ke1 63. Qe2# 1-0


[Site "https://www.chess.com"]

[Event "Titled Tuesday Blitz June 28 Early 2022"]
[White "Gatterer, Florian"]
[Black "Ferreira, Vitor Hugo Vieira"]
[WhiteFideId "811688"]
[BlackFideId "2119765"]
[WhiteElo "2218"]
[BlackElo "2165"]
[Result "1-0"]
[Round "08"]
[TimeControl "180+1"]
[Date "2022.06.28"]
[WhiteClock "0:00:13"]
[BlackClock "0:01:10"]

1. d4 d5 2. Nf3 Nf6 3. g3 c6 4. Bg2 Bf5 5. O-O h6 6. c4 e6 7. Nc3 Nbd7 8. Qb3 Qb6 9. c5 Qxb3 10. axb3 a6 11. b4 Rc8 12. h3 Be7 13. g4 Bh7 14. Bf4 Bd8 15. Ne5 Bc7 16. Bg3 Nxe5 17. dxe5 Ne4 18. Nxe4 dxe4 19. Rfd1 Ke7 20. Rd4 Rhd8 21. Rad1 Rd5 22. Rxd5 exd5 23. f4 exf3 24. exf3 g5 25. h4 f6 26. exf6+ Kxf6 27. hxg5+ Kxg5 28. Bxc7 Rxc7 29. Re1 Kf4 30. Kf2 d4 31. Re6 d3 32. Rf6+ Ke5 33. Rd6 Kf4 34. Rf6+ Kg5 35. Rd6 Re7 36. Kg3 Re3 37. Bf1 Be4 38. Bg2 h5 39. gxh5 Kxh5 40. Kf4 Re2 41. fxe4 Rxg2 42. b3 d2 43. e5 Rg4+ 44. Kf5 Rxb4 45. Rxd2 Kh6 46. e6 Rxb3 47. Re2 Rf3+ 48. Ke5 Rf8 49. Kd6 a5 50. e7 Re8 51. Kd7 Rxe7+ 52. Kxe7 a4 53. Kd6 b5 54. cxb6 a3 55. b7 a2 56. Rxa2 c5 57. Rc2 c4 58. Rxc4 1-0


[Site "https://www.chess.com"]

[Event "Titled Tuesday Blitz June 28 Early 2022"]
[White "Ghazarian, Kirk"]
[Black "Kupervaser, Erez"]
[WhiteFideId "30908604"]
[BlackFideId "2814587"]
[WhiteElo "2003"]
[BlackElo "1832"]
[Result "1-0"]
[Round "08"]
[TimeControl "180+1"]
[Date "2022.06.28"]
[WhiteClock "0:01:03"]
[BlackClock "0:00:48"]

1. e4 Nf6 2. e5 Nd5 3. c4 Nb6 4. d4 d6 5. exd6 cxd6 6. Nc3 g6 7. Be3 Bg7 8. Rc1 O-O 9. b3 e5 10. Nf3 Nc6 11. d5 Ne7 12. Be2 h6 13. Nd2 Nf5 14. O-O Nd7 15. Nce4 Nf6 16. Nxf6+ Qxf6 17. Ne4 Qh4 18. Ng3 Nxe3 19. fxe3 f5 20. Qd2 e4 21. Nh1 Be5 22. g3 Qe7 23. Nf2 Bd7 24. b4 b6 25. Kg2 a5 26. a3 Qf6 27. c5 Bb2 28. cxb6 Bxc1 29. Rxc1 axb4 30. Qxb4 Rab8 31. Rc7 Rfd8 32. a4 Bxa4 33. Qxa4 Rxb6 34. Qa7 Rb2 35. Ba6 Rdb8 36. Bb7 Rd8 37. Bc8 Rxf2+ 38. Kxf2 Qb2+ 39. Kg1 Qc1+ 40. Rxc1 1-0


[Site "https://www.chess.com"]

[Event "Titled Tuesday Blitz June 28 Early 2022"]
[White "Gormally, Daniel W"]
[Black "Sadhwani, Raunak"]
[WhiteFideId "406465"]
[BlackFideId "35093487"]
[WhiteElo "2813"]
[BlackElo "2963"]
[Result "0-1"]
[Round "08"]
[TimeControl "180+1"]
[Date "2022.06.28"]
[WhiteClock "0:00:36"]
[BlackClock "0:00:37"]

1. e4 e5 2. Nf3 Nc6 3. Bb5 Nge7 4. O-O Ng6 5. c3 a6 6. Ba4 d5 7. exd5 Qxd5 8. d4 Bg4 9. dxe5 O-O-O 10. Qxd5 Rxd5 11. Bb3 Bxf3 12. gxf3 Rxe5 13. Bxf7 Bd6 14. Be3 Nce7 15. Nd2 Rf8 16. Bb3 Rh5 17. Rfd1 Bxh2+ 18. Kg2 Bf4 19. Rh1 Nh4+ 20. Kf1 Rh6 21. Ke2 g5 22. Rag1 Rg6 23. Ne4 h6 24. Bc5 Nhf5 25. Rd1 b6 26. Bxe7 Nxe7 27. Rd3 Nc6 28. Rd5 Ne5 29. Bc2 Re6 30. Bb3 Rc6 31. a4 a5 32. Bc2 Re8 33. Bd3 Re7 34. Bb5 Rce6 35. Ba6+ Kb8 36. Rd8+ Ka7 37. Bc8 Rc6 38. Rh8 Nc4 39. R1xh6 Rxh6 40. Rxh6 Nxb2 41. Be6 Nxa4 42. Bd5 Nxc3+ 0-1


[Site "https://www.chess.com"]

[Event "Titled Tuesday Blitz June 28 Early 2022"]
[White "Gracia Alvarez, Gerardo Antonio"]
[Black "Begunov, Konstantin"]
[WhiteFideId "5109124"]
[BlackFideId "4118510"]
[WhiteElo "2139"]
[BlackElo "2262"]
[Result "1-0"]
[Round "08"]
[TimeControl "180+1"]
[Date "2022.06.28"]
[WhiteClock "0:00:59"]
[BlackClock "0:00:02"]

1. e4 c5 2. Nc3 a6 3. g3 Nc6 4. Bg2 g6 5. d3 Bg7 6. Be3 e6 7. Qd2 d6 8. Nge2 Nd4 9. Nc1 Ne7 10. Nd1 O-O 11. c3 Ndc6 12. Bh6 e5 13. Bxg7 Kxg7 14. O-O Be6 15. Ne3 f5 16. f4 Qd7 17. Ne2 Rae8 18. d4 fxe4 19. d5 Nxd5 20. Nxd5 Nd4 21. Bxe4 Qc6 22. Nf6 d5 23. Nxe8+ Rxe8 24. cxd4 dxe4 25. fxe5 Bh3 26. Rf6 Qd5 27. Nf4 1-0


[Site "https://www.chess.com"]

[Event "Titled Tuesday Blitz June 28 Early 2022"]
[White "Gubajdullin, Alexei"]
[Black "Jovic, Stanoje"]
[WhiteFideId "4141202"]
[BlackFideId "905020"]
[WhiteElo "2280"]
[BlackElo "2286"]
[Result "1/2-1/2"]
[Round "08"]
[TimeControl "180+1"]
[Date "2022.06.28"]
[WhiteClock "0:00:12"]
[BlackClock "0:00:10"]

1. c4 e5 2. Nc3 Nf6 3. Nf3 Nc6 4. e3 Bb4 5. Qc2 O-O 6. Bd3 Re8 7. Nd5 Bf8 8. Nxf6+ Qxf6 9. Bxh7+ Kh8 10. Be4 Nb4 11. Qb1 c6 12. a3 d5 13. cxd5 cxd5 14. axb4 dxe4 15. Qxe4 Bf5 16. Qh4+ Qxh4 17. Nxh4 Bd3 18. g4 Bxb4 19. f3 a5 20. Kf2 a4 21. Ng2 Rec8 22. Ne1 Bb5 23. h4 Ra6 24. h5 Rac6 25. Ng2 Rc2 26. Kg3 Bxd2 27. Bxd2 Rxd2 28. Rhc1 Rxc1 29. Rxc1 Bc6 30. Nh4 Rxb2 31. Rd1 g5 32. hxg6 fxg6 33. Nxg6+ Kg7 34. Nxe5 a3 35. Nc4 Rb3 36. Ra1 b5 37. Nxa3 Rxe3 38. Nc2 Rxf3+ 39. Kh4 Rf4 40. Ra7+ Kf8 41. Kg5 Re4 42. Kf5 Ra4 43. Rc7 Be4+ 44. Kf6 Ra6+ 45. Ke5 Bxc2 46. Rxc2 b4 47. Rc8+ Kg7 48. Rb8 Ra4 49. Kf5 Ra5+ 50. Kf4 Ra4 51. Kg5 Ra5+ 52. Kh4 Ra4 53. Kh5 Kf7 54. Kh6 Ra6+ 55. Kh7 Ra1 56. Rb7+ Kf6 57. Rxb4 Rh1+ 58. Kg8 Kg5 59. Kg7 Rh4 60. Rc4 Rxg4 61. Rxg4+ Kxg4 1/2-1/2


[Site "https://www.chess.com"]

[Event "Titled Tuesday Blitz June 28 Early 2022"]
[White "Gueci, Tea"]
[Black "Schmakel, Sam"]
[WhiteFideId "872342"]
[BlackFideId "2039311"]
[WhiteElo "2142"]
[BlackElo "2356"]
[Result "0-1"]
[Round "08"]
[TimeControl "180+1"]
[Date "2022.06.28"]
[WhiteClock "0:00:01"]
[BlackClock "0:00:05"]

1. Nf3 Nf6 2. b3 g6 3. Bb2 Bg7 4. e3 O-O 5. Be2 d6 6. O-O e5 7. d3 Re8 8. Nbd2 Nc6 9. c4 d5 10. a3 a5 11. Qc2 d4 12. exd4 exd4 13. Rfe1 Bf5 14. Bf1 Qd7 15. h3 h5 16. Ng5 Rxe1 17. Rxe1 Re8 18. Rxe8+ Qxe8 19. Nge4 Nd7 20. c5 Qe7 21. Qc4 Be6 22. Qb5 f5 23. Ng3 Nxc5 24. b4 axb4 25. axb4 Na6 26. Qxb7 Naxb4 27. Ba3 Bf8 28. Nf3 Qd7 29. Ng5 Bd5 30. Qb5 Be7 31. h4 Kg7 32. Ne2 Qd6 33. Bb2 Bg8 34. Nf3 Bf6 35. g3 Na2 36. Qa4 Nc3 37. Qc2 Nb4 38. Qc1 Nxd3 39. Qd2 Nxb2 40. Qxb2 Nxe2+ 41. Qxe2 c5 42. Qd2 c4 43. Ne1 d3 44. Nxd3 cxd3 45. Qxd3 Qxd3 46. Bxd3 Bd5 47. Kf1 Be5 48. Ke2 f4 49. gxf4 Bxf4 50. f3 Bg3 51. Ke3 Bxh4 52. Kf4 Kf6 53. Ke3 Bg3 54. Bf1 g5 55. Bh3 Ke5 56. Bd7 Be6 57. Bb5 h4 58. Bf1 h3 59. Kd2 Kf4 60. Ke2 h2 61. Bg2 Bd5 62. Bh1 g4 63. fxg4 Bxh1 0-1


[Site "https://www.chess.com"]

[Event "Titled Tuesday Blitz June 28 Early 2022"]
[White "Gundam, Rohit"]
[Black "Horak, Martin"]
[WhiteFideId "75002809"]
[BlackFideId "367095"]
[WhiteElo "2342"]
[BlackElo "1997"]
[Result "0-1"]
[Round "08"]
[TimeControl "180+1"]
[Date "2022.06.28"]
[WhiteClock "0:00:04"]
[BlackClock "0:00:42"]

1. d4 g6 2. Nf3 Bg7 3. c4 Nf6 4. Nc3 d5 5. h3 O-O 6. cxd5 Nxd5 7. e4 Nxc3 8. bxc3 c5 9. Be2 Nc6 10. Be3 cxd4 11. cxd4 Qa5+ 12. Bd2 Qa3 13. d5 Ne5 14. O-O Nxf3+ 15. Bxf3 e6 16. Rb1 Qxa2 17. Bb4 Re8 18. d6 Bd7 19. Bc5 Bc6 20. e5 Bxe5 21. Bxc6 bxc6 22. d7 Red8 23. Be7 Qd5 24. Bxd8 Rxd8 25. Rb7 Bd4 26. Qf3 Rxd7 27. Qxd5 Rxd5 28. Rb8+ Kg7 29. Rc1 Bb6 30. Rc8 c5 31. Rc2 h5 32. g3 h4 33. Kg2 Rd4 34. gxh4 Rxh4 35. Rb8 Rh5 36. Rb7 Rg5+ 37. Kf3 Rf5+ 38. Kg2 Kf6 39. Rd2 Rd5 40. Rxd5 exd5 41. f4 d4 42. Kf3 c4 43. Ke4 d3 44. Rd7 Ke6 45. Rd5 f5+ 0-1


[Site "https://www.chess.com"]

[Event "Titled Tuesday Blitz June 28 Early 2022"]
[White "Hafiz, Arif Abdul"]
[Black "Gurevich, Dmitry"]
[WhiteFideId "7104227"]
[BlackFideId "2000407"]
[WhiteElo "2198"]
[BlackElo "2506"]
[Result "0-1"]
[Round "08"]
[TimeControl "180+1"]
[Date "2022.06.28"]
[WhiteClock "0:01:34"]
[BlackClock "0:00:50"]

1. e4 c5 2. Nc3 g6 3. f4 Bg7 4. Nf3 Nc6 5. Bb5 Nd4 6. O-O a6 7. Bc4 d6 8. d3 Nf6 9. Nxd4 cxd4 10. Ne2 d5 11. exd5 Nxd5 12. Qe1 O-O 13. Qf2 Ne3 14. Bxe3 dxe3 15. Qxe3 Bxb2 16. Rab1 Bf6 17. Kh1 b5 18. Bb3 e6 19. Ng3 Bb7 20. Ne4 Bg7 21. Rbe1 Qd4 22. Qe2 a5 23. a4 bxa4 24. Bc4 a3 25. Ng5 Bd5 26. Nf3 Qc3 27. Bxd5 exd5 28. Ne5 Rfe8 29. Qf3 Rad8 30. d4 Qxf3 31. Nxf3 Rxe1 32. Rxe1 Rc8 33. Ra1 Rxc2 34. h4 a2 35. Kh2 Bf8 36. Kg3 Bb4 0-1


[Site "https://www.chess.com"]

[Event "Titled Tuesday Blitz June 28 Early 2022"]
[White "Hambleton, Aman"]
[Black "Soham Kamotra"]
[WhiteFideId "2606577"]
[BlackFideId "46647490"]
[WhiteElo "2552"]
[BlackElo "2082"]
[Result "1-0"]
[Round "08"]
[TimeControl "180+1"]
[Date "2022.06.28"]
[WhiteClock "0:00:05"]
[BlackClock "0:00:04"]

1. d4 Nf6 2. c4 g6 3. Nc3 d5 4. cxd5 Nxd5 5. Bd2 Bg7 6. e4 Nxc3 7. Bxc3 O-O 8. Qd2 c5 9. d5 Bxc3 10. bxc3 Qd6 11. Nf3 Bg4 12. Be2 Nd7 13. Rb1 c4 14. O-O Rac8 15. Rxb7 Nc5 16. Rxa7 Nxe4 17. Qd4 Bxf3 18. Bxf3 Nf6 19. Re1 Rfe8 20. g3 Rc5 21. Ra4 Rec8 22. Kg2 Nxd5 23. Ra7 e6 24. Rb1 R5c7 25. Bxd5 Qxd5+ 26. Qxd5 exd5 27. Ra5 Rd7 28. Rd1 Rcd8 29. Kf3 Kg7 30. Ke3 Kf6 31. Kd4 Ke6 32. Re1+ Kf6 33. Re5 Rb8 34. Re2 Rbd8 35. a4 Rd6 36. h4 Re6 37. Re3 Red6 38. Re5 Rb6 39. Rexd5 Rxd5+ 40. Rxd5 Rb2 41. Kxc4 Rxf2 42. Kb3 Rf1 43. Kb2 Rf2+ 44. Kb3 Rf1 45. a5 Ra1 46. Kb2 Ra4 47. Kb3 Ra1 48. g4 h6 49. g5+ hxg5 50. hxg5+ Ke6 51. c4 Rb1+ 52. Ka4 Rc1 53. Kb5 Rb1+ 54. Kc6 Rc1 55. Rc5 Ra1 56. Kb7 Rb1+ 57. Rb5 Rc1 58. a6 Ra1 59. a7 1-0


[Site "https://www.chess.com"]